 Dungeon Crawl Stone Soup version 0.30.1-3-gfc49f6343a (webtiles) character file.

Game seed: 12344434715352409739

35258 safid the Frost Mage (level 13, 0/108 HPs)
             Began as a Merfolk Ice Elementalist on July 26, 2023.
             Was an Elder of Vehumet.
             Slain by a catoblepas (10 damage)
             ... while petrified by a catoblepas
             ... on level 5 of the Lair of Beasts.
             The game lasted 00:40:45 (18083 turns).

safid the Frost Mage (Merfolk Ice Elementalist)    Turns: 18083, Time: 00:40:45

Health: 0/108      AC:  8    Str:  9    XL:     13   Next: 82%
Magic:  21/27      EV:  2    Int: 27    God:    Vehumet [****..]
Gold:   665        SH:  0    Dex: 18    Spells: 8/32 levels left

rFire   + . .        G - +1 halberd of the Ancients {vamp, rF+ Will+ Int+3 Dex+3}
rCold   . . .        (shield currently unavailable)
rNeg    + + +        e - +2 robe {Will+}
rPois   ∞            y - +2 helmet
rElec   .            C - +0 cloak
rCorr   .            (no gloves)
SInv    .            (no boots)
Will    +++..        (no amulet)
Stlth   ++           f - +6 ring of intelligence
HPRegen 0.38/turn    l - ring of willpower
MPRegen 0.20/turn

%: no passive effects
@: petrified, very slightly contaminated
A: (nimble swimmer 2), mertail
a: Renounce Religion


You were on level 5 of the Lair of Beasts.
You worshipped Vehumet.
Vehumet was greatly pleased with you.
You visited 2 branches of the dungeon, and saw 15 of its levels.

You collected 929 gold pieces.
You spent 264 gold pieces at shops.

Inventory:

Hand Weapons
 G - the +1 halberd of the Ancients (weapon) {vamp, rF+ Will+ Int+3 Dex+3}
   (You found it on level 7 of the Dungeon)

   Int:       It affects your intelligence (+3).
   Dex:       It affects your dexterity (+3).
   rF:        It protects you from fire.
   Will:      It increases your willpower.
Missiles
 A - 3 throwing nets
 K - 2 curare-tipped darts
Armour
 e - a +2 robe of willpower (worn)
 y - a +2 helmet (worn)
 z - the +3 hat of Pondering {ponderous, Will+ MP+10 Int+5}
   (You took it off Gastronok on level 9 of the Dungeon)

   Int:       It affects your intelligence (+5).
   MP:        It affects your magic capacity (+10).
   Will:      It increases your willpower.
 C - a +0 cloak (worn)
Jewellery
 f - a +6 ring of intelligence (left hand)
 l - a ring of willpower (right hand)
 q - a ring of flight
 v - a ring of wizardry
Wands
 c - a wand of flame (18)
 g - a wand of light (17)
 D - a wand of charming (27)
 F - a wand of polymorph (9)
 J - a wand of digging (10)
 L - a wand of mindburst (7)
 N - a wand of iceblast (4)
Scrolls
 k - 3 scrolls of teleportation
 m - 4 scrolls of fog
 o - 2 scrolls of fear
 p - 3 scrolls of magic mapping
 r - a scroll of blinking
 s - a scroll of identify
 u - 3 scrolls of silence
 w - 5 scrolls of enchant weapon
 E - 2 scrolls of amnesia {unknown}
 H - a scroll of enchant armour {unknown}
 I - a scroll of brand weapon {unknown}
Potions
 a - 5 potions of mutation
 b - a potion of magic
 d - 5 potions of brilliance
 h - a potion of flight
 i - a potion of lignification
 j - 2 potions of curing
 n - 2 potions of resistance
 x - 4 potions of haste
 M - 2 potions of attraction {unknown}
 P - 2 potions of heal wounds
 Q - 2 potions of cancellation


   Skills:
 - Level 12.0 Fighting
 - Level 12.0 Dodging
 - Level 2.1 Stealth
 - Level 10.0 Spellcasting
 - Level 4.0 Conjurations
 - Level 5.0 Translocations
 + Level 8.7 Transmutations
 + Level 13.5 Ice Magic


You had 8 spell levels left.
You knew the following spells:

 Your Spells              Type           Power      Damage    Failure   Level
a - Irradiate             Conj/Tmut      23%        3d19      2%          5
b - Frozen Ramparts       Ice            100%       1d16      1%          3
c - Ozocubu's Armour      Ice            72%        N/A       1%          3
d - Hailstorm             Conj/Ice       57%        3d12      1%          3
e - Ozocubu's Refrigerat  Ice            36%        4d15      4%          7
f - Blink                 Tloc           80%        N/A       1%          2
g - Freeze                Ice            100%       1d10      0%          1

Your spell library contained the following spells:

 Spells                   Type           Power      Damage    Failure   Level
 Iskenderun's Battlesphe  Conj           35%        2d9       6%          5
 Apportation              Tloc           80%        N/A       1%          1
 Kiss of Death            Conj/Necr      96%        2d12      1%          1
 Poisonous Vapours        Pois/Air       26%        N/A       1%          2
 Static Discharge         Conj/Air       48%        2-4/arc   1%          2
 Ice Form                 Ice/Tmut       65%        N/A       1%          4
 Summon Ice Beast         Ice/Summ       50%        N/A       2%          4
 Vhi's Electric Charge    Tloc/Air       54%        N/A       4%          3
 Manifold Assault         Tloc           40%        N/A       5%          4
 Passage of Golubria      Tloc           40%        N/A       5%          4
 Yara's Violent Unravell  Hex/Tmut       18%        3d9       5%          5
 Airstrike                Air            6%         2d(1-17)  11%         4
 Confusing Touch          Hex            13%        N/A       13%         3
 Tukima's Dance           Hex            13%        N/A       13%         3
 Arcjolt                  Conj/Air       12%        1d22      13%         5
 Dispel Undead            Necr           13%        3d9       38%         4
 Summon Lightning Spire   Summ/Air       13%        N/A       38%         4
 Dispersal                Tloc           20%        N/A       63%         6
 Summon Mana Viper        Hex/Summ       13%        N/A       75%         5
 Storm Form               Tmut/Air       18%        N/A       99%         7
 Monstrous Menagerie      Summ           6%         N/A       100%        7
 Disjunction              Tloc           20%        N/A       100%        8


Dungeon Overview and Level Annotations

Branches:
Dungeon (10/15)            Temple (0/1) D:6            Lair (5/5) D:9
 Shoals (0/4) Lair:2       Spider (0/4) Lair:2        Slime (0/5) Lair:4
    Orc (0/2) D:10

Altars:
Ashenzari
Dithmenos
Fedhas
Hepliaklqana
Kikubaaqudgha
Makhleb
Okawaru
Qazlal
Ru
Sif Muna
Uskayaw
Vehumet
Xom
Yredelemnul
Zin

Shops:
D:4 :   D:6 :

Annotations:
Lair:2 Amaemon


Innate Abilities, Weirdness & Mutations

((You are very nimble when in or above water. (Stealth+, EV+, Speed+++)))
Your lower body shifts to a powerful aquatic tail in water.


Message History

A nearby plant withers and dies.
The water moccasin bites you but does no damage.
The catoblepas gores you.
You have turned to stone.
The water moccasin is engulfed in calcifying dust.
The water moccasin is moving more slowly.
The water moccasin bites you but does no damage.
The catoblepas gores you. The water moccasin bites you.
The water moccasin is engulfed in calcifying dust.
The water moccasin stops moving altogether!
The wolf is no longer petrified.
The komodo dragon bites something!
The water moccasin is engulfed in calcifying dust.
The catoblepas gores you! The water moccasin bites you.
The water moccasin is engulfed in calcifying dust.
The komodo dragon bites something!
The water moccasin bites you. The catoblepas gores you!!
The water moccasin bites you.
The komodo dragon bites something!
The catoblepas gores you!! The water moccasin bites you.
The komodo dragon bites something!!
The water moccasin bites you!
* * * LOW HITPOINT WARNING * * *
The catoblepas gores you!
* * * LOW HITPOINT WARNING * * *
The water moccasin bites you but does no damage.
The catoblepas gores you!
* * * LOW HITPOINT WARNING * * *
The water moccasin bites you.
* * * LOW HITPOINT WARNING * * *
The catoblepas gores you but does no damage.
The water moccasin bites you. The water moccasin bites you!
* * * LOW HITPOINT WARNING * * *
The catoblepas breathes a plume of calcifying dust at you.
The blast of calcifying dust hits you.
* * * LOW HITPOINT WARNING * * *
The blast of calcifying dust hits the water moccasin!
The water moccasin is engulfed in calcifying dust.
You are engulfed in calcifying dust.
The water moccasin bites you but does no damage.
The water moccasin is engulfed in calcifying dust.
The catoblepas gores you!!
You die...

# ............. # #...
........... # #...
.......S.... ..
##......#...............
#...§.#..............P..
#..hS#.hlP.P........P.#.
#....§#Y#.P.........P.#.
#....§#@##...P#P.....P..
##P..#SS....####........
#P.....§!...##.....#....
##......................
#.........P............
##..#..#..P.#####......
#.########## ##.#### ##
###


You could see a catoblepas (misshapen), a komodo dragon, 2 water moccasins and a
wolf (petrified).

Vanquished Creatures
  Gastronok (D:9)
  3 hydras
  Erolcha (D:9)
  A two-headed ogre (D:10)
  4 death yaks (Lair:4)
  Sonja (D:10)
  A fire crab (Lair:3)
  A skyshark (Lair:4)
  3 harpies (Lair:2)
  A wolf spider (Lair:2)
  8 elephants
  A torpor snail (Lair:2)
  A black mamba (Lair:4)
  7 cane toads
  Maurice (D:9)
  A rime drake (Lair:3)
  An unseen horror zombie (D:9)
  5 komodo dragons
  A kobold demonologist (D:9)
  A polar bear (Lair:4)
  3 trolls
  A hornet (D:9)
  2 jumping spiders (Lair:2)
  A shadow (D:10)
  5 wyverns
  32 yaks
  2 wraiths (D:10)
  3 vampire mosquitoes (D:9)
  2 humans (D:7)
  3 basilisks
  Menkaure (D:4)
  11 water moccasins
  Duvessa (D:4)
  6 orc warriors
  2 black bears
  An ice beast (D:6)
  A sky beast (D:4)
  An ogre (D:6)
  21 wolves
  2 centaurs
  5 phantoms
  Blork the orc (D:4)
  12 bullfrogs
  A gnoll sergeant (D:9)
  A scorpion (D:7)
  9 wights (D:7)
  Dowan (D:4)
  34 killer bees
  6 electric eels
  8 howler monkeys
  4 bullfrog zombies (D:6)
  6 centaur zombies
  4 hounds
  3 jellies
  5 orc priests
  2 gnoll boudas
  2 sleepcaps
  Terence (D:2)
  Natasha (D:2)
  5 iguanas
  7 orc wizards
  5 hell rats (Lair:3)
  A killer bee zombie (D:6)
  5 howler monkey zombies
  14 gnolls
  4 adders
  A shadow imp (D:6)
  3 white imps
  An ufetubus (D:6)
  5 dart slugs
  34 orcs
  13 endoplasms
  3 giant cockroaches
  4 goblins
  6 hobgoblins
  3 jackals (D:2)
  3 kobolds
  5 quokkas
  2 ball pythons
  3 bats
  3 frilled lizards
  11 rats
392 creatures vanquished.

Notes
Turn   | Place    | Note
-------+----------+-------------------------------------------
     0 | D:1      | safid the Merfolk Ice Elementalist began the quest for the
                  | Orb.
     0 | D:1      | Reached XP level 1. HP: 13/13 MP: 3/3
   185 | D:1      | Reached XP level 2. HP: 20/20 MP: 5/5
   350 | D:1      | Reached skill level 1 in Fighting
   731 | D:1      | Reached XP level 3. HP: 26/26 MP: 6/6
   898 | D:2      | Learned a level 3 spell: Frozen Ramparts
  1074 | D:2      | Reached XP level 4. HP: 33/33 MP: 5/8
  1324 | D:2      | Noticed Natasha
  1331 | D:2      | Killed Natasha
  1388 | D:2      | Noticed Terence
  1400 | D:2      | Killed Terence
  1401 | D:2      | Reached skill level 5 in Ice Magic
  1401 | D:2      | Reached XP level 5. HP: 23/38 MP: 2/9
  1494 | D:2      | Learned a level 3 spell: Ozocubu's Armour
  1497 | D:2      | Learned a level 2 spell: Blink
  1758 | D:3      | You fall into a shaft and drop 2 floors!
  1758 | D:5      | Entered Level 5 of the Dungeon
  2460 | D:3      | Found a shadowy altar of Dithmenos.
  3014 | D:4      | Noticed a black bear
  3024 | D:4      | Killed a black bear
  3025 | D:4      | Reached skill level 1 in Translocations
  3025 | D:4      | Reached XP level 6. HP: 39/46 MP: 0/10
  3114 | D:4      | Found Azeynywn's Vocational Training.
  3442 | D:4      | Noticed Blork the orc
  3452 | D:4      | Reached skill level 5 in Dodging
  3452 | D:4      | Reached XP level 7. HP: 40/52 MP: 3/12
  3458 | D:4      | Killed Blork the orc
  3564 | D:4      | Found a radiant altar of Vehumet.
  3569 | D:4      | Became a worshipper of Vehumet
  3611 | D:4      | Noticed Menkaure
  3618 | D:4      | Killed Menkaure
  3619 | D:4      | Reached skill level 6 in Ice Magic
  3783 | D:4      | Found a stormy altar of Qazlal.
  3800 | D:4      | Reached XP level 8. HP: 53/60 MP: 6/14
  3858 | D:4      | Noticed Duvessa
  3859 | D:4      | Noticed Dowan
  3873 | D:4      | Killed Dowan
  3876 | D:4      | Killed Duvessa
  4211 | D:4      | Found an ancient bone altar of Kikubaaqudgha.
  4212 | D:4      | Found a shimmering blue altar of Sif Muna.
  4217 | D:4      | Got Sif Muna's Directory of Peregrination
  4743 | D:5      | Found a hide-covered altar of Uskayaw.
  5082 | D:6      | Reached * piety under Vehumet
  5082 | D:6      | Offered knowledge of Shock by Vehumet.
  5186 | D:6      | Reached skill level 5 in Fighting
  5369 | D:6      | Reached skill level 7 in Ice Magic
  5388 | D:6      | Reached skill level 5 in Spellcasting
  5450 | D:6      | Found a blossoming altar of Fedhas.
  5450 | D:6      | Found a sacrificial altar of Ru.
  5503 | D:6      | Found Soefyi's Book Shoppe.
  5508 | D:6      | Bought Ozocubu's Autobiography for 264 gold pieces
  5516 | D:6      | Learned a level 7 spell: Ozocubu's Refrigeration
  5517 | D:6      | Found a staircase to the Ecumenical Temple.
  5556 | D:6      | Reached XP level 9. HP: 68/68 MP: 9/16
  6062 | D:6      | Noticed a troll
  6071 | D:6      | Killed a troll
  6217 | D:6      | Found a hazy altar of Hepliaklqana.
  7094 | D:7      | Offered knowledge of Static Discharge by Vehumet.
  7094 | D:7      | Reached ** piety under Vehumet
  7519 | D:7      | Reached skill level 8 in Ice Magic
  7722 | D:7      | Found an iron altar of Okawaru.
  7734 | D:7      | Reached XP level 10. HP: 60/77 MP: 12/19
  7813 | D:7      | Identified the +1 halberd of the Ancients {vamp, rF+ Will+
                  | Int+3 Dex+3}
  7827 | D:7      | Got the Teachings on the Squall
  8476 | D:8      | Reached skill level 5 in Translocations
  8593 | D:8      | Offered knowledge of Mephitic Cloud by Vehumet.
  9205 | D:9      | Noticed Erolcha
  9220 | D:9      | Killed Erolcha
  9221 | D:9      | Reached skill level 9 in Ice Magic
  9342 | D:9      | Reached *** piety under Vehumet
  9488 | D:9      | Found a basalt altar of Yredelemnul.
  9545 | D:9      | Reached skill level 10 in Dodging
  9554 | D:9      | Reached XP level 11. HP: 60/87 MP: 20/22
  9570 | D:9      | Offered knowledge of Dazzling Flash by Vehumet.
  9718 | D:9      | Found a staircase to the Lair.
 10082 | D:9      | Reached skill level 10 in Ice Magic
 10331 | D:9      | Found a shimmering altar of Xom.
 10376 | D:9      | Noticed Maurice
 10399 | D:9      | Killed Maurice
 10463 | D:9      | Found a burning altar of Makhleb.
 10474 | D:9      | Reached **** piety under Vehumet
 10480 | D:9      | Noticed Gastronok
 10517 | D:9      | Killed Gastronok
 10517 | D:9      | Offered knowledge of Irradiate by Vehumet.
 10526 | D:9      | Learned a level 5 spell: Irradiate
 11183 | D:10     | Entered Level 10 of the Dungeon
 11196 | D:10     | Found a staircase to the Orcish Mines.
 11203 | D:10     | Noticed Sonja
 11222 | D:10     | Killed Sonja
 11223 | D:10     | Reached skill level 1 in Transmutations
 11223 | D:10     | Noticed a two-headed ogre
 11233 | D:10     | Killed a two-headed ogre
 11234 | D:10     | Reached skill level 1 in Conjurations
 11781 | D:10     | Reached XP level 12. HP: 38/96 MP: 20/24
 12206 | D:10     | Found a broken altar of Ashenzari.
 12238 | D:10     | Found a glowing silver altar of Zin.
 12501 | Lair:1   | Entered Level 1 of the Lair of Beasts
 12660 | Lair:1   | Learned a level 3 spell: Hailstorm
 13460 | Lair:2   | Noticed Amaemon
 13606 | Lair:2   | Reached skill level 10 in Fighting
 13606 | Lair:2   | Reached skill level 11 in Ice Magic
 13747 | Lair:2   | Reached skill level 5 in Transmutations
 13899 | Lair:2   | Reached ***** piety under Vehumet
 14062 | Lair:2   | Found a hole to the Spider Nest.
 14355 | Lair:2   | Offered knowledge of Iskenderun's Battlesphere by Vehumet.
 14392 | Lair:2   | Found a staircase to the Shoals.
 15031 | Lair:3   | Reached XP level 13. HP: 102/105 MP: 26/26
 15349 | Lair:3   | Reached skill level 12 in Ice Magic
 16539 | Lair:4   | Reached skill level 10 in Spellcasting
 16992 | Lair:4   | Found a staircase to the Slime Pits.
 17434 | Lair:4   | Reached skill level 13 in Ice Magic
 17783 | Lair:5   | Entered Level 5 of the Lair of Beasts
 18083 | Lair:5   | Slain by a catoblepas

Illustrated notes

Levels and vault maps discovered:
D:1:      dpeg_arrival_more_subterranean_lakeside_camping, layout_basic
D:2:      layout_loops_ring, uniq_terence, uniq_natasha
D:3:      layout_loops_corners, nicolae_dithmenos_through_a_glass_darkly,
          serial_co_window_serial, co_window_of_opportunity_a,
          co_window_paths_a, co_window_corner_a, co_window_cross_1,
          co_window_of_opportunity_a, co_window_corner_a,
          co_window_of_opportunity_a, co_window_2corner, co_window_corner_cb,
          co_window_2corner, co_window_broadway_a, glass_columns_b,
          glass_columns_a, glass_columns_c, glass_columns_a, grunt_decor_clamped
D:4:      layout_loops_ring, grunt_temple_overflow_magic_moments,
          nicolae_qazlal_beasts_of_the_sky, nicolae_shop_vocational,
          uniq_blork_the_orc, uniq_menkaure, uniq_duvessa
D:5:      layout_cave_pools, mainiacjoe_overflow_surrounded_room
D:6:      layout_loops_ring, mainiacjoe_overflow_large_starburst,
          mainiacjoe_overflow_alcove_1, minmay_temple_entry_mist, serial_shops,
          nicolae_shop_statue_plus, serial_undead, serial_undead_d,
          serial_undead_f, serial_undead_b, serial_undead_e, grunt_ministairs_8
D:7:      kb_forest_paths, layout_basic, okawaru_humans
D:8:      layout_basic
D:9:      layout_basic, mainiacjoe_overflow_cross_hatched,
          nicolae_yredelemnul_corpse_copse, general_overflow_altar,
          erik_lair_island, uniq_erolcha, uniq_maurice, uniq_gastronok
D:10:     layout_gridville, mainiacjoe_overflow_two_lobes, david_orc_2,
          st_stairs_2, onia_ninara_dug_in_and_dangerous, uniq_sonja
Lair:1:   layout_regular_city
Lair:2:   layout_long_grid, nicolae_shoals_entry_roost,
          spider_nest_entry_funnel_web, uniq_amaemon
Lair:3:   layout_regular_city, serial_bayou_shore_b, infiniplex_staircase_pool
Lair:4:   layout_gridlike, nicolae_slime_entry_slimehenge
Lair:5:   due_jungle_book, layout_gridlike, infiniplex_staircase_pool_2

Skill      XL: |  1  2  3  4  5  6  7  8  9 10 11 12 13 |
---------------+----------------------------------------+-----
Dodging        | 3 4 5 7 8 10 11 12 | 12.0
Fighting       | 1 2 3 4 5 6 8 9 10 12 | 12.0
Ice Magic      | 5 6 7 8 9 10 11 13 | 13.5
Spellcasting   | 3 4 5 6 7 8 9 10 | 10.0
Translocations | 1 2 3 4 5 |  5.0
Transmutations | 2 6 8 |  8.7
Conjurations   | 1 4 |  4.0
Stealth        | |  2.1

Action                     |  1- 3 |  4- 6 |  7- 9 | 10-12 | 13-15 || total
---------------------------+-------+-------+-------+-------+-------++-------
  Melee: Dagger            |    50 |    99 |   256 |       |       ||   405
         Punch             |       |     1 |     3 |       |       ||     4
         Scimitar          |       |       |    37 |     3 |       ||    40
         Halberd           |       |       |       |   501 |   156 ||   657
         Tailslap          |       |       |       |       |     1 ||     1
   Cast: Freeze            |    25 |    28 |    32 |    35 |       ||   120
         Frozen Ramparts   |       |     5 |    34 |    72 |    33 ||   144
         Ozocubu's Armour  |       |     4 |    36 |    55 |    25 ||   120
         Irradiate         |       |       |       |     1 |    13 ||    14
         Ozocubu's Refrige |       |       |       |       |     2 ||     2
         Hailstorm         |       |       |       |       |     1 ||     1
    Use: Potion            |       |     7 |       |     5 |     1 ||    13
         Scroll            |       |       |     9 |     5 |     2 ||    16
   Stab: Sleeping          |     7 |     4 |     1 |     6 |       ||    18
         Distracted        |       |       |     1 |     1 |       ||     2
 Armour: Robe              |    14 |    16 |   164 |   279 |    94 ||   567
         Skin              |       |    34 |       |       |       ||    34
  Dodge: Dodged            |    42 |    60 |   298 |   836 |   254 ||  1490
